 Dungeon Crawl Stone Soup version 0.19.5 (webtiles) character file.

7 tidbits the Magician (level 1, 0/13 HPs)
             Began as a High Elf Wanderer on Oct 30, 2017.
             Killed from afar by a dart slug (6 damage)
             ... with a slug dart
             ... on level 1 of the Dungeon.
             The game lasted 00:01:49 (225 turns).

tidbits the Magician (High Elf Wanderer)             Turns: 225, Time: 00:01:49

Health: 0/13       AC:  2    Str: 10    XL:     1   Next: 83%
Magic:  4/4        EV: 12    Int: 17    God:
Gold:   8          SH:  0    Dex: 13    Spells: 0 memorised, 4 levels left

rFire  . . .     SeeInvis .     e - +0 dagger
rCold  . . .     Gourm    .     d - +0 robe
rNeg   . . .     Faith    .     (no shield)
rPois  .         Spirit   .     (no helmet)
rElec  .         Reflect  .     (no cloak)
rCorr  .         Harm     .     (no gloves)
MR     .....                    (no boots)
Stlth  +.........               (no amulet)
                                (no ring)
                                (no ring)

@: no status effects
A: no striking features
a: no special abilities


You were on level 1 of the Dungeon.
You were not hungry.

You visited 1 branch of the dungeon, and saw 2 of its levels.

You collected 8 gold pieces.

Inventory:

Hand Weapons
 e - a +0 dagger (weapon)
 g - a +0 mace
   (You found it on level 1 of the Dungeon)
 h - a +0 hunting sling
   (You found it on level 1 of the Dungeon)
Armour
 d - a +0 robe (worn)
Potions
 c - a potion of lignification
Books
 a - a book of Flames

   Spells                             Type                      Level
   a - Flame Tongue                   Conjuration/Fire             1
   b - Throw Flame                    Conjuration/Fire             2
   c - Conjure Flame                  Conjuration/Fire             3
   d - Inner Flame                    Hexes/Fire                   3
   e - Sticky Flame                   Conjuration/Fire             4
   f - Fireball                       Conjuration/Fire             5
 b - the Papyrus of Combat Magic

   Spells                             Type                      Level
   a - Magic Dart                     Conjuration                  1
   b - Dazzling Spray                 Conjuration/Hexes            3
Comestibles
 f - a bread ration


   Skills:
 + Level 1.6 Fighting
   Level 1.0 Staves
 - Level 1.0 Throwing
 + Level 1.5 Dodging
   Level 1.0 Shields
 - Level 2.4 Spellcasting
   Level 1.0 Fire Magic
   Level 2.0 Ice Magic


You had 4 spell levels left.
You didn't know any spells.

Dungeon Overview and Level Annotations

Branches:
Dungeon (2/15)

Altars:


Message History

A bat comes into view.
There is a stone staircase leading down here.
A rat comes into view.
The bat barely misses you. The bat misses you.
You see here a hunting sling.
h - a hunting sling The bat hits you but does no damage.
The bat closely misses you.
You miss the bat. The bat misses you.
You barely miss the bat. The bat barely misses you. The bat hits you.
You hit the bat.
The bat is severely wounded.
The bat misses you. The bat barely misses you. x2
You closely miss the bat.
The bat is severely wounded.
The bat misses you.
You hit the bat.
You kill the bat!
You hit the rat but do no damage. The rat misses you.
You barely miss the rat. The rat bites you but does no damage.
You closely miss the rat. The rat closely misses you.
You hit the rat.
You kill the rat!
You open the door.
There is an open door here.
A hobgoblin comes into view. It is wielding a club.
Found a potion of lignification.
A jackal comes into view.
Found a pair of boots.
A dart slug comes into view.
Found a scroll labeled TYUCEU ZIYCS.
The jackal barks!
Found 27 stones.
You closely miss the hobgoblin.
The hobgoblin hits you but does no damage.
You barely miss the hobgoblin. The hobgoblin barely misses you.
You hit the hobgoblin but do no damage. The hobgoblin misses you.
You hit the hobgoblin.
The hobgoblin is lightly wounded.
The hobgoblin hits you with a club.
You hit the hobgoblin.
The hobgoblin is heavily wounded.
The hobgoblin barely misses you.
You hit the hobgoblin but do no damage.
The hobgoblin is heavily wounded.
You hit the hobgoblin but do no damage.
The hobgoblin is heavily wounded.
The hobgoblin barely misses you.
You hit the hobgoblin but do no damage.
The hobgoblin is heavily wounded.
The hobgoblin barely misses you.
You hit the hobgoblin but do no damage.
The hobgoblin is moderately wounded.
The hobgoblin hits you with a club.
You closely miss the hobgoblin.
The hobgoblin is moderately wounded.
The hobgoblin barely misses you.
You hit the hobgoblin.
The hobgoblin is almost dead.
The hobgoblin completely misses you.
You closely miss the hobgoblin.
The hobgoblin is almost dead.
The hobgoblin closely misses you.
You hit the hobgoblin.
You kill the hobgoblin!
The jackal bites you.
* * * LOW HITPOINT WARNING * * *
You hit the jackal but do no damage. The jackal barely misses you.
You barely miss the jackal. The jackal barely misses you. The jackal bites you.
* * * LOW HITPOINT WARNING * * *
You hit the jackal.
The jackal is severely wounded.
The jackal closely misses you.
You closely miss the jackal.
The jackal is severely wounded.
The jackal barely misses you.
You miss the jackal.
The jackal is severely wounded.
The jackal closely misses you. x2
You hit the jackal.
The jackal is almost dead.
The jackal misses you.
You hit the jackal.
You kill the jackal!
You hit the dart slug but do no damage.
The dart slug bites you but does no damage.
You hit the dart slug but do no damage. The dart slug misses you.
You completely miss the dart slug. You hit the dart slug but do no damage.
The dart slug barely misses you.
You hit the dart slug.
The dart slug is lightly wounded.
The dart slug misses you.
You hit the dart slug.
The dart slug is heavily wounded.
You hit the dart slug but do no damage.
The dart slug is heavily wounded.
The dart slug launches a dart at you. The slug dart hits you!
You die...

.# ##.# ..(# # ##.#
..#.# ##.# ..#.
##.####### ...
.......... #.#
.......##########.#
................@.# #
.......##########w# .#
##...............##..#
.....................#
##.#############g##.##
#.# ..........gw..?
#.# ..............#
#.# #...........#.#
##.# ..#h[.!...#...#


You could see a dart slug.

Vanquished Creatures
  A giant cockroach (D:1)
  A hobgoblin (D:1)
  A jackal (D:1)
  A kobold (D:1)
  A bat (D:1)
  A rat (D:1)
6 creatures vanquished.

Notes
Turn   | Place    | Note
-------+----------+-------------------------------------------
     0 | D:1      | tidbits the High Elf Wanderer began the quest for the Orb.
     0 | D:1      | tidbits set off with: a book of Flames, the Papyrus of Combat Magic, a potion of lignification, a +0 robe, a +0 dagger, a bread ration
     0 | D:1      | Reached XP level 1. HP: 13/13 MP: 4/4
     0 | D:1      | Identified the Papyrus of Combat Magic
     6 | D:1      | Noticed a black bear
     6 | D:1      | Noticed a water moccasin
     6 | D:1      | Noticed a komodo dragon
     6 | D:1      | Noticed a hound
     6 | D:1      | Noticed a redback
   225 | D:1      | Killed from afar by a dart slug

Action                   || total
-------------------------++-------
Melee: Dagger            ||    39
 Stab: Sleeping          ||     1
Armor: Robe              ||     4
Dodge: Dodged            ||    30

Table legend:
 A = Turns spent in this place as a percentage of turns spent in the entire game.
 B = Non-inter-level travel turns spent in this place as a percentage of non-inter-level travel turns spent in the entire game.
 C = Inter-level travel turns spent in this place as a percentage of turns spent in this place.
 D = Turns resting spent in this place as a percentage of non-inter-level travel turns spent in this place.
 E = Turns spent auto-exploring this place as a percentage of non-inter-level travel turns spent in this place.
 F = Non-inter-level travel turns spent in this place divided by the number of levels of this place that you've seen.
                   A       B       C       D       E      F
               +-------+-------+-------+-------+-------+----------------------
         Total | 100.0 | 100.0 |   0.0 |   0.0 |   0.0 |  94.0
       Dungeon | 100.0 | 100.0 |   0.0 |   0.0 |   0.0 |  94.0
               +-------+-------+-------+-------+-------+----------------------

Table legend:
 A = Kills in this place as a percentage of kills in entire the game.
 B = Kills by you in this place as a percentage of kills by you in the entire game.
 C = Kills by friends in this place as a percentage of kills by friends in the entire game.
 D = Other kills in this place as a percentage of other kills in the entire game.
 E = Experience gained in this place as a percentage of experience gained in the entire game.
 F = Experience gained in this place divided by the number of levels of this place that you have seen.
                   A       B       C       D       E      F
               +-------+-------+-------+-------+-------+----------------------
         Total | 100.0 | 100.0 |  -nan |  -nan | 100.0 |   5.0
       Dungeon | 100.0 | 100.0 |  -nan |  -nan | 100.0 |   5.0
               +-------+-------+-------+-------+-------+----------------------

Vault maps used:
D:1:      onia_arrival_zoo_common, minmay_misc_feat_more_columns
D:2:      moated_statue, kennysheep_decorative_pillar, uniq_crazy_yiuf_cottage,
          uniq_terence
